 Dungeon Crawl Stone Soup version 0.16.2-12-gd0ad4c3 (webtiles) character file.

95 davidy22 the Chopper (level 4, -3/41 HPs)
             Began as a Minotaur Berserker on Oct 8, 2015.
             Was a Priest of Trog.
             Slain by Grinder (5 damage)
             ... on level 3 of the Dungeon.
             The game lasted 00:07:11 (2538 turns).

davidy22 the Chopper (Minotaur Berserker)           Turns: 2538, Time: 00:07:12

Health: -3/41      AC:  6    Str: 22    XL:     4   Next: 40%
Magic:  2/2        EV: 11    Int:  4    God:    Trog [***...]
Gold:   101        SH:  0    Dex: 10    Spells: 0 memorised, 3 levels left

rFire  . . .     SeeInvis .     a - +0 hand axe
rCold  . . .     Clarity  .     n - +0 scale mail
rNeg   . . .     SustAb   .     (no shield)
rPois  .         Gourm    .     (helmet restricted)
rElec  .         Spirit   .     (no cloak)
rCorr  .         Warding  .     (no gloves)
rMut   .         Stasis   .     (no boots)
MR     .....                    (no amulet)
Stlth  ..........               (no ring)
                                (no ring)

@: not resistant to hostile enchantments, extremely unstealthy
A: retaliatory headbutt, horns 2
a: Burn Spellbooks, Berserk, Trog's Hand, Renounce Religion


You were on level 3 of the Dungeon.
You worshipped Trog.
Trog was most pleased with you.
You were near starving.

You visited 1 branch of the dungeon, and saw 3 of its levels.

You collected 101 gold pieces.

Inventory:

Hand weapons
 a - a +0 hand axe (weapon)
 b - a -2 hunting sling
Missiles
 j - 52 stones (quivered)
Armour
 f - a +0 ring mail
 i - a +0 animal skin
 n - a +0 scale mail (worn)
Jewellery
 l - an uncursed ring of see invisible {unknown}
Scrolls
 e - a scroll of recharging
 k - a scroll of enchant armour
 s - a scroll of remove curse
Potions
 d - a potion of ambrosia {unknown}
 g - a potion of magic {unknown}
 h - a potion of brilliance {unknown}
 p - a potion of beneficial mutation {unknown}
 q - a potion of flight {unknown}
 r - a potion of curing {unknown}
Comestibles
 c - a bread ration
 m - a beef jerky
 o - a slice of pizza


   Skills:
 + Level 4.5 Fighting
 + Level 4.6 Axes
 - Level 0.2 Slings
 + Level 2.7 Armour
 + Level 3.4 Dodging


You had 3 spell levels left.
You didn't know any spells.

Dungeon Overview and Level Annotations

Branches:
Dungeon (3/15)

Altars:

Annotations:
D:3 Grinder


Innate Abilities, Weirdness & Mutations

You reflexively headbutt those who attack you in melee.
You have a pair of horns on your head.


Message History

Grinder hits you!
You writhe in agony.
* * * LOW HITPOINT WARNING * * *
You barely miss Grinder.
Grinder is heavily wounded.
Grinder hits you but does no damage.
You hit Grinder but do no damage.
Grinder is heavily wounded.
Grinder hits you.
* * * LOW HITPOINT WARNING * * *
You writhe in agony. x2
You hit Grinder.
Grinder is heavily wounded.
Grinder gestures.
Grinder blinks!
You closely miss Grinder.
Grinder is heavily wounded.
Grinder hits you.
* * * LOW HITPOINT WARNING * * *
You writhe in agony.
You die...

#.........#..........#.....
#.....((......#.##.....####
#.......(.##..#.##.....# #
####.#+#<.....#.##.....# #
#.# #...#..#.######## # #.#
#.###..#.# # #.#.#.####.#.#
# #.#.....5#.#.# # .
#.ยง@...#.# # #.##.###.# #
#.######.###.#
#............#
########.##### #.......#
#######.#


You could see Grinder.

Vanquished Creatures
  A giant mite (D:3)
  3 adders (D:2)
  A worm (D:2)
  2 giant geckos (D:1)
  2 oozes
  An orc (D:3)
  2 bats
  5 giant cockroaches
  5 hobgoblins
  A quokka (D:3)
  5 giant newts
  11 goblins
  12 kobolds
  7 rats
58 creatures vanquished.

Notes
Turn   | Place    | Note
--------------------------------------------------------------
     0 | D:1      | davidy22, the Minotaur Berserker, began the quest for the Orb.
     0 | D:1      | Reached XP level 1. HP: 19/19 MP: 1/1
   240 | D:2      | Reached skill level 4 in Fighting
   240 | D:2      | Reached XP level 2. HP: 21/27 MP: 1/1
   357 | D:2      | Reached XP level 3. HP: 22/33 MP: 2/2
   362 | D:2      | Acquired Trog's second power
  1608 | D:3      | Reached XP level 4. HP: 41/41 MP: 2/2
  2529 | D:3      | Noticed Grinder
  2538 | D:3      | HP: 2/41 [Grinder (5)]
  2538 | D:3      | Slain by Grinder

Action                   |  1- 3 |  4- 6 || total
-------------------------+-------+-------++-------
Melee: Hand axe          |    56 |    14 ||    70
       Hunting sling     |    86 |    59 ||   145
 Fire: Hunting sling     |    18 |    22 ||    40
  Use: Scroll            |     4 |     5 ||     9
  Eat: Chunk             |       |     4 ||     4
